 Dungeon Crawl Stone Soup version 0.29-a0-356-g7bc237e783 (webtiles) character file.

Game seed: 2641175881357020172

394 bande the Covered (level 6, -1/38 HPs)
             Began as a Gargoyle Fighter on Apr 25, 2022.
             Killed from afar by Ijyb (36 damage)
             ... with a bolt of acid
             ... on level 4 of the Dungeon on Apr 26, 2022.
             The game lasted 00:07:34 (3091 turns).

bande the Covered (Gargoyle Fighter)                Turns: 3091, Time: 00:07:35

Health: -1/38      AC: 17    Str: 19    XL:     6   Next: 81%
Magic:  6/6        EV:  7    Int:  9    God:
Gold:   180        SH:  5    Dex: 11    Spells: 5/5 levels left

rFire   . . .      SeeInvis .   a - +0 war axe
rCold   . . .      Faith    .   c - +1 buckler
rNeg    + . .      Spirit   .   h - +0 chain mail
rPois   ∞          Reflect  .   q - +0 helmet
rElec   +          Harm     .   (no cloak)
rCorr   .          Rampage  .   n - +0 pair of gloves
Will    .....                   g - +0 pair of boots
Stlth   ..........              (no amulet)
HPRegen 0.12/turn               (no ring)
MPRegen 0.10/turn               (no ring)

@: no status effects
A: sickness immunity, AC +4, negative energy resistance 1, electricity
resistance, torment resistance 1, petrification resistance
a: no special abilities


You were on level 4 of the Dungeon.
You visited 1 branch of the dungeon, and saw 4 of its levels.

You collected 180 gold pieces.

Inventory:

Hand Weapons
 a - a +0 war axe (weapon)
Armour
 c - a +1 buckler (worn)
 g - a +0 pair of boots (worn)
 h - a +0 chain mail (worn)
 n - a +0 pair of gloves (worn)
 q - a +0 helmet (worn)
Wands
 o - a wand of digging (6)
Scrolls
 l - 2 scrolls of fog
 s - 2 scrolls of teleportation
 t - a scroll of fear
Potions
 b - a potion of berserk rage {unknown}
 d - 2 potions of might
 e - a potion of degeneration {unknown}
 f - 2 potions of brilliance
 i - a potion of haste {unknown}
 j - 2 potions of flight
 k - a potion of lignification {unknown}
 m - a potion of curing {unknown}
 p - 3 potions of heal wounds
 r - 2 potions of attraction {unknown}


   Skills:
 + Level 4.1 Fighting
 + Level 4.1 Axes
 + Level 4.9 Armour
 + Level 4.2 Shields
 * Level 1.6 Evocations


You had 5 spell levels left.
You didn't know any spells.
Your spell library contained the following spells:

 Spells                   Type           Power      Damage    Failure   Level
 Conjure Flame            Conj/Fire      0%         6-21      100%        3
 Ignite Poison            Fire/Tmut/Pois 0%         N/A       100%        3
 Leda's Liquefaction      Hex/Erth       0%         N/A       100%        4
 Passage of Golubria      Tloc           0%         N/A       100%        4
 Sticky Flame             Conj/Fire      0%         2d3       100%        4
 Borgnjor's Vile Clutch   Necr/Erth      0%         N/A       100%        5
 Silence                  Hex/Air        0%         N/A       100%        5
 Malign Gateway           Summ/Tloc      0%         N/A       100%        7
 Lehudib's Crystal Spear  Conj/Erth      0%         10d2      100%        8
 Summon Horrible Things   Summ           0%         N/A       100%        8
 Shatter                  Erth           0%         3d5*      100%        9


Dungeon Overview and Level Annotations

Branches:
Dungeon (4/15)
 Temple: D:4-7

Altars:
Qazlal
The Shining One

Annotations:
D:4 Ijyb


Innate Abilities, Weirdness & Mutations

You are immune to sickness and miasma.
Your stone body is resilient. (AC +4)
You are immune to poison.
You resist negative energy. (rN+)
You are resistant to electric shocks. (rElec)
You are resistant to unholy torment.
You are immune to petrification.


Message History

The orc is severely wounded.
The orc barely misses you. You block the orc's attack.
You closely miss the orc.
The orc is severely wounded.
The orc hits you but does no damage.
You barely miss the orc.
The orc is severely wounded.
The orc hits you but does no damage.
You hit the orc but do no damage.
The orc is severely wounded.
You block the orc's attack.
You hit the orc but do no damage.
The orc is severely wounded.
The orc closely misses you. The orc hits you but does no damage.
You hit the orc.
You kill the orc!
You closely miss the crimson imp. The crimson imp barely misses you.
You block the crimson imp's attack.
You miss the crimson imp.
The crimson imp hits you but does no damage.
Ijyb screams, "Level is mine!
All mine!"
You barely miss the crimson imp.
The crimson imp hits you but does no damage.
You completely miss the crimson imp. You block the crimson imp's attack.
The crimson imp hits you but does no damage.
You closely miss the crimson imp.
The crimson imp blinks!
Ijyb screams, "Me stronger than you!"
You hit the hobgoblin zombie but do no damage.
The hobgoblin zombie is almost destroyed.
You barely miss the crimson imp.
The crimson imp hits you but does no damage.
You hit the crimson imp.
The crimson imp is moderately wounded.
You hit Ijyb but do no damage. The crimson imp barely misses you.
You slash the crimson imp!
You kill the crimson imp!
You closely miss Ijyb. Ijyb closely misses you.
Ijyb zaps a wand.
The bolt of acid hits you!!!
Ouch! That really hurt!
You die...

#.# #.# #<#
#.# #.# #....
#.# #..#.##
#.# ### #..
...
######.###.##
#.#
#...........#
# ##.#
#.########.##
#.#... #@#
#.#...
########g#
#.....
...g...ZZ#
#.....
..5.....Z#
#.....
#:.#..#...#
###... .
+.#.#.....
#... .. .
#?..#># ##>#
.. .. #..##.#
#.. . _. ...#
# #.#


You could see Ijyb, a hobgoblin zombie, an orc zombie and an orc skeleton.

Vanquished Creatures
  Grinder (D:3)
  A crimson imp (D:4)
  A hound (D:4)
  Jessica (D:2)
  8 adders
  An ufetubus (D:2)
  2 worms (D:3)
  2 dart slugs
  6 orcs
  3 ball pythons
  5 endoplasms
  A giant cockroach (D:4)
  10 goblins
  3 hobgoblins
  6 jackals
  3 quokkas
  3 bats
  2 frilled lizards
  A goblin zombie (D:4)
  6 kobolds
  3 orc skeletons (D:4)
  4 rats
73 creatures vanquished.

Notes
Turn   | Place    | Note
-------+----------+-------------------------------------------
     0 | D:1      | bande the Gargoyle Fighter began the quest for the Orb.
     0 | D:1      | Reached XP level 1. HP: 14/14 MP: 1/1
   168 | D:1      | Reached XP level 2. HP: 19/19 MP: 2/2
   290 | D:1      | Found a faded altar of an unknown god.
   548 | D:2      | Reached XP level 3. HP: 21/23 MP: 3/3
   820 | D:2      | Found a stormy altar of Qazlal.
  1034 | D:2      | Noticed Jessica
  1039 | D:2      | Killed Jessica
  1040 | D:2      | Reached XP level 4. HP: 23/29 MP: 4/4
  1411 | D:3      | You fall into a shaft and drop 1 floor!
  1692 | D:3      | Reached XP level 5. HP: 31/33 MP: 5/5
  1829 | D:3      | Noticed Grinder
  1847 | D:3      | Paralysed by Grinder for 2 turns
  1854 | D:3      | Killed Grinder
  1855 | D:3      | Reached skill level 1 in Evocations
  1855 | D:3      | Reached XP level 6. HP: 11/38 MP: 6/6
  2572 | D:3      | Got the Grimoire of the Rocks
  3062 | D:4      | Found a glowing golden altar of the Shining One.
  3070 | D:4      | Noticed Ijyb
  3091 | D:4      | Killed from afar by Ijyb

Illustrated notes

Levels and vault maps discovered:
D:1:      lightli_arrival_boilingwater, layout_basic,
          chequers_ecumenical_altar_grove, minmay_heptomino_d4
D:2:      layout_loops_ring, basic_altar, kennysheep_generic_room_4,
          uniq_jessica
D:3:      layout_loops_ring, uniq_grinder
D:4:      layout_loops_ring, nicolae_tso_besieged_by_evil, minmay_ruptured,
          uniq_ijyb

Skill      XL: |  1  2  3  4  5  6 |
---------------+-------------------+-----
Axes           | 2 3 4 |  4.1
Armour         | 4 |  4.9
Fighting       | 4 |  4.1
Shields        | 4 |  4.2
Evocations     | 1 |  1.6

Action                   |  1- 3 |  4- 6 || total
-------------------------+-------+-------++-------
Melee: War axe           |    84 |   167 ||   251
  Use: Scroll            |     6 |     5 ||    11
Armor: Scale mail        |     8 |       ||     8
       Chain mail        |    54 |   119 ||   173
Dodge: Dodged            |    35 |    63 ||    98
Block: Buckler           |    25 |    46 ||    71

Table legend: (Time is in decaauts)
 A = Elapsed time spent in this place.
 B = Non-inter-level travel time spent in this place.
 C = Inter-level travel time spent in this place.
 D = Time resting spent in this place.
 E = Time spent auto-exploring this place.
 F = Levels seen in this place.
 G = Mean time per level.
                   A        B        C        D        E       F      G
               +--------+--------+--------+--------+--------+-----+--------+
         Total |   3201 |   3189 |     12 |    190 |   2198 |   4 |  800.2 |
       Dungeon |   3201 |   3189 |     12 |    190 |   2198 |   4 |  800.2 |
               +--------+--------+--------+--------+--------+-----+--------+

Top non-repeatable levels by time:
     D:3: 1041 daAuts
     D:2: 900 daAuts
     D:4: 696 daAuts
     D:1: 563 daAuts
